 Dungeon Crawl Stone Soup version 0.29-a0-337-g68df138881 (webtiles) character file.

Game seed: 2033244853288426072

1941 sammy202020 the Skirmisher (level 8, -1/67 HPs)
             Began as a Demonspawn Berserker on Apr 16, 2022.
             Was an Elder of Trog.
             Slain by Edmund
             ... wielding a +3 flail of distortion
              (5 damage)
             ... on level 6 of the Dungeon.
             The game lasted 00:07:59 (7207 turns).

sammy202020 the Skirmisher (Demonspawn Berserker)   Turns: 7207, Time: 00:08:00

Health: -1/67      AC: 10    Str: 19    XL:     8   Next: 98%
Magic:  0/8        EV:  9    Int: 10    God:    Trog [****..]
Gold:   313        SH: 14    Dex: 12    Spells: 7/7 levels left

rFire   . . .      SeeInvis .   a - +1 hand axe
rCold   . . .      Faith    .   n - +2 tower shield
rNeg    . . .      Spirit   +   f - +0 chain mail
rPois   .          Reflect  .   (helmet restricted)
rElec   .          Harm     .   (no cloak)
rCorr   .          Rampage  .   (no gloves)
Will    .....                   t - +0 pair of boots
Stlth   ..........              (no amulet)
HPRegen 0.21/turn               (no ring)
MPRegen 0.22/turn               (no ring)

@: agile, on berserk cooldown, slowed, very slow
A: horns 2, powered by pain 1, magic shield, magic regeneration
a: Renounce Religion, Berserk, Trog's Hand, Brothers in Arms


You were on level 6 of the Dungeon.
You worshipped Trog.
Trog was greatly pleased with you.
You visited 1 branch of the dungeon, and saw 6 of its levels.

You collected 313 gold pieces.

Inventory:

Hand Weapons
 a - a +1 hand axe (weapon)
 h - a +0 flail
 o - a +0 mace
Missiles
 k - 20 poisoned darts (quivered)
 m - 6 atropa-tipped darts
 w - a throwing net
Armour
 f - a +0 chain mail (worn)
 n - a +2 tower shield (worn)
 t - a +0 pair of boots (worn)
Wands
 b - a wand of polymorph (5)
 p - a wand of flame (5)
Scrolls
 q - a scroll of teleportation
Potions
 c - a potion of invisibility {unknown}
 e - a potion of flight
 g - 2 potions of lignification
 i - 2 potions of curing
 j - 2 potions of magic
 l - 3 potions of degeneration {unknown}
 r - a potion of mutation {unknown}
 s - a potion of attraction {unknown}
 v - a potion of cancellation {unknown}
 x - a potion of brilliance {unknown}


   Skills:
 * Level 7.5 Fighting
 * Level 6.9 Axes
 + Level 4.7 Armour
 - Level 1.7 Dodging
 + Level 3.5 Shields


You had 7 spell levels left.
You didn't know any spells.
Your spell library was empty.

Dungeon Overview and Level Annotations

Branches:
Dungeon (6/15)
 Temple: D:4-7

Altars:
Kikubaaqudgha
Nemelex Xobeh
Vehumet

Annotations:
D:6 Dowan, Edmund


Innate Abilities, Weirdness & Mutations

You have a pair of horns on your head.
You sometimes gain a little power by taking damage.
When hurt, damage is shared between your health and your magic reserves.
You regenerate magic rapidly.


Message History

You hear the slow rusting of a very distant drain.
You are no longer berserk.
You are exhausted.
You feel yourself slow down.
The sentinel's mark upon you fades away.
Dowan casts a spell at you. You block the shard of ice.
You block Edmund's attack. Something hits you but does no damage.
Dowan mumbles some strange words.
Dowan blinks!
You hit Edmund but do no damage.
Edmund is lightly wounded.
You hit something. You block Edmund's attack.
Something hits you but does no damage. You block Edmund's attack.
You hear some strange, mumbled words.
A magic dart appears from out of thin air!
The magic dart hits you.
* * * LOW HITPOINT WARNING * * *
Edmund blocks your attack.
You headbutt Edmund.
Edmund is moderately wounded.
You hit something. Trog accepts your kill.
Trog appreciates your killing of a magic user.
Reactivating autopickup.
You feel a bit more experienced. You block Edmund's attack.
An ufetubus comes into view.
A quokka comes into view.
You block Edmund's attack. Dowan hits you with a +0 dagger.
* * * LOW HITPOINT WARNING * * *
You hit Edmund but do no damage. You headbutt Edmund, but do no damage.
Edmund is moderately wounded.
You hit Dowan but do no damage. You block Dowan's attack.
A quokka comes into view.
Edmund hits you with a +3 flail of distortion.
* * * LOW HITPOINT WARNING * * *
Space warps around you.
* * * LOW HITPOINT WARNING * * *
You block Dowan's attack.
A giant cockroach comes into view.
Edmund hits you with a +3 flail of distortion!
You die...

#.##. #._.# ..#
#.#..####.#### ..#
#.#.##..#'#..## ...#
#.#.#...'.)...#...##
#[#.##.##.##.##.....
#....###.#.###...#
##.......#..)5.#.#
##.....###e)#...##
#####....@)...!...
####@<######## #..#
#..# #r.# #..# Br.#
#.## #.


You could see Edmund, Dowan (fast), an ufetubus, 2 quokkas and a giant cockroach
(wandering).

Vanquished Creatures
  A wyvern (D:5)
  Eustachio (D:4)
  3 yaks (D:5)
  Duvessa (D:6)
  A water moccasin (D:5)
  A sky beast (D:5)
  An ice beast (D:5)
  An ogre (D:6)
  A phantom (D:4)
  A kobold brigand (D:5)
  A necrophage (D:5)
  A scorpion (D:4)
  A howler monkey (D:6)
  3 orc priests (D:6)
  Ijyb (D:3)
  3 iguanas
  An orc wizard (D:6)
  3 gnolls (D:5)
  9 adders
  An ufetubus (D:5)
  4 dart slugs
  2 worms (D:2)
  5 orcs
  2 bat zombies (D:4)
  7 endoplasms
  7 giant cockroaches
  14 goblins
  7 hobgoblins
  13 jackals
  A quokka (D:4)
  6 ball pythons
  A bat (D:2)
  5 frilled lizards
  10 kobolds
  7 rats
127 creatures vanquished.

Vanquished Creatures (others)
  3 fungi (D:3)
  6 plants (D:3)
9 creatures vanquished.

Grand Total: 136 creatures vanquished

Notes
Turn   | Place    | Note
-------+----------+-------------------------------------------
     0 | D:1      | sammy202020 the Demonspawn Berserker began the quest for
                  | the Orb.
     0 | D:1      | Reached XP level 1. HP: 18/18 MP: 1/1
   129 | D:1      | Gained mutation: You regenerate magic rapidly. [demonic
                  | ancestry]
   129 | D:1      | Reached XP level 2. HP: 19/24 MP: 2/2
   542 | D:1      | Reached ** piety under Trog
  1001 | D:1      | Gained mutation: When hurt, damage is shared between your
                  | health and your magic reserves. [demonic ancestry]
  1001 | D:1      | Reached XP level 3. HP: 24/29 MP: 3/3
  2044 | D:2      | Gained mutation: You have a pair of small horns on your
                  | head. [demonic ancestry]
  2044 | D:2      | Reached XP level 4. HP: 30/37 MP: 2/4
  2251 | D:2      | Reached skill level 4 in Fighting
  3035 | D:3      | Noticed Ijyb
  3053 | D:3      | Killed Ijyb
  3054 | D:3      | Gained mutation: You sometimes gain a little power by
                  | taking damage. [demonic ancestry]
  3054 | D:3      | Reached XP level 5. HP: 36/42 MP: 5/5
  3342 | D:3      | Reached *** piety under Trog
  3929 | D:3      | Found a faded altar of an unknown god.
  4814 | D:4      | Gained mutation: You have a pair of horns on your head.
                  | [demonic ancestry]
  4814 | D:4      | Reached XP level 6. HP: 35/50 MP: 6/6
  4931 | D:4      | Noticed Eustachio
  4945 | D:4      | Killed Eustachio
  4946 | D:4      | Reached skill level 5 in Fighting
  4946 | D:4      | Reached skill level 1 in Shields
  5108 | D:4      | Found an ancient bone altar of Kikubaaqudgha.
  5216 | D:4      | Found a radiant altar of Vehumet.
  5461 | D:5      | Entered Level 5 of the Dungeon
  5530 | D:5      | Reached XP level 7. HP: 55/56 MP: 7/7
  5709 | D:5      | Noticed a wyvern
  5719 | D:5      | Killed a wyvern
  5720 | D:5      | Reached skill level 5 in Axes
  5975 | D:5      | Reached skill level 6 in Fighting
  6108 | D:5      | Noticed a yak
  6110 | D:5      | Noticed a yak
  6113 | D:5      | Noticed a yak
  6116 | D:5      | Killed a yak
  6117 | D:5      | Reached XP level 8. HP: 45/65 MP: 6/8
  6458 | D:5      | Reached skill level 7 in Fighting
  7152 | D:6      | Found a sparkling altar of Nemelex Xobeh.
  7190 | D:6      | Noticed Dowan
  7193 | D:6      | Noticed Duvessa
  7195 | D:6      | Reached **** piety under Trog
  7195 | D:6      | Noticed Edmund
  7204 | D:6      | Killed Duvessa
  7207 | D:6      | Slain by Edmund

Illustrated notes

Levels and vault maps discovered:
D:1:      shiori_arrival_oz, layout_loops_corners
D:2:      layout_loops_cross, minmay_misc_feat_room
D:3:      minmay_spotlight, layout_loops_corners,
          dreamdust_ecumenical_altar_grove, uniq_ijyb
D:4:      layout_rooms, lemuel_zombie_altar_kikubaaqudgha, lemuel_doored_altar,
          uniq_eustachio
D:5:      layout_basic
D:6:      layout_loops_ring, nemelex_dance_club_becter, portal_sewer_entry_f,
          uniq_duvessa, uniq_edmund

Skill      XL: |  1  2  3  4  5  6  7  8 |
---------------+-------------------------+-----
Armour         | 2 3 4 |  4.7
Axes           | 3 4 5 6 |  6.9
Fighting       | 4 5 6 7 |  7.5
Shields        | 1 2 3 |  3.5
Dodging        | |  1.7

Action                   |  1- 3 |  4- 6 |  7- 9 || total
-------------------------+-------+-------+-------++-------
Melee: Hand axe          |   137 |   197 |   142 ||   476
       Punch             |     2 |       |       ||     2
       Headbutt          |       |    35 |    27 ||    62
       Unarmed           |       |     3 |       ||     3
Invok: Berserk           |       |     1 |     3 ||     4
       Trog's Hand       |       |       |     1 ||     1
  Use: Scroll            |       |     9 |     2 ||    11
 Stab: Sleeping          |     1 |       |       ||     1
Armor: Animal skin       |     9 |       |       ||     9
       Chain mail        |    29 |   106 |    76 ||   211
       Skin              |       |     1 |       ||     1
Dodge: Dodged            |    65 |    51 |    32 ||   148
Block: Tower shield      |       |    57 |   138 ||   195

Table legend: (Time is in decaauts)
 A = Elapsed time spent in this place.
 B = Non-inter-level travel time spent in this place.
 C = Inter-level travel time spent in this place.
 D = Time resting spent in this place.
 E = Time spent auto-exploring this place.
 F = Levels seen in this place.
 G = Mean time per level.
                   A        B        C        D        E       F      G
               +--------+--------+--------+--------+--------+-----+--------+
         Total |   7347 |   7047 |    300 |    162 |   5693 |   6 | 1224.5 |
       Dungeon |   7347 |   7047 |    300 |    162 |   5693 |   6 | 1224.5 |
               +--------+--------+--------+--------+--------+-----+--------+

Top non-repeatable levels by time:
     D:1: 1830 daAuts
     D:5: 1707 daAuts
     D:3: 1478 daAuts
     D:2: 1233 daAuts
     D:4: 993 daAuts
     D:6: 105 daAuts
